 Dungeon Crawl Stone Soup version bcrawl-1.38.3 (webtiles) character file.

Game seed: 5990473275750684064

11466105 MisterOstroum the Blocker (level 20, -6/161 HPs)
             Began as a Demonspawn Martial Artist on June 6, 2023.
             Was the Champion of Wu Jian.
             Mangled by a war gargoyle
             ... wielding a +0 lajatang
              (36 damage)
             ... on level 3 of the Vaults on June 11, 2023.
             The game lasted 02:55:11 (35097 turns).

MisterOstroum the Blocker (DsMA)                   Turns: 35097, Time: 02:55:12

Health: -6/161     AC: 24    Str: 19    XL:     20   Next: 80%
Magic:  15/15      EV: 17    Int:  8    God:    Wu Jian [******]
Gold:   248        SH: 31    Dex: 30    Spells: 20/21 levels left

rFire    + + +     GDR:     43% a - +9 quick blade (antimagic)
rCold    + + .     SeeInvis .   m - +10 large shield of Ignorance {rN+ Int-4}
rNeg     + . .     Gourm    .   u - +2 plate armour {rC+}
rPois    +         Faith    .   (helmet unavailable)
rElec    .         Spirit   .   z - +2 cloak
rCorr    .         Reflect  .   o - +2 pair of gloves "Uzxaon" {rC+ Regen+ Dex+7 Stlth-}
MR       +....                  C - +0 pair of boots "Hitouz Cue" {rF+++ Str+4 Dex-4 Stlth+}
Stlth    ++........             B - amulet of regeneration
HPRegen  1.21/turn              t - +6 ring of dexterity
MPRegen  0.14/turn              w - ring of poison resistance

@: exhausted, about to teleport, marked, slowed, glowing, studying Bows, repel
missiles, heavenly storm, very slow
A: horns 3, repulsion field 3, demonic guardian 2, nightstalker 2
}: 2/15 runes: serpentine, barnacled
a: Wall Jump, Serpent's Lash, Heavenly Storm, Renounce Religion


You were on level 3 of the Vaults.
You worshipped Wu Jian.
Wu Jian was exalted by your worship.
You were not hungry.

You visited 7 branches of the dungeon, and saw 29 of its levels.
You visited 1 bazaar.

You collected 4303 gold pieces.
You spent 4055 gold pieces at shops.

Inventory:

Hand Weapons
 a - a +9 antimagic quick blade (weapon)
 b - a +5 fustibalus of velocity
 c - a +1 dagger of venom
Missiles
 l - 1509 poisoned tomahawks (quivered)
 v - a throwing net {=f!f}
 y - 8654 stones
 G - 3138 sling bullets
 L - 705 javelins
 V - 190 steel javelins
Armour
 m - the +10 large shield of Ignorance (worn) {rN+ Int-4}
   (You bought it in a shop in the Orcish Mines)

   It affects your intelligence (-4).
   It protects you from negative energy.
 o - the +2 pair of gloves "Uzxaon" (worn) {rC+ Regen+ Dex+7 Stlth-}
   (You bought it in a shop in a bazaar)

   It affects your dexterity (+7).
   It protects you from cold.
   It increases your rate of regeneration.
   It makes you less stealthy.
 s - a +0 scale mail of magic resistance
 u - a +2 plate armour of cold resistance (worn)
 z - a +2 cloak (worn)
 C - the +0 pair of boots "Hitouz Cue" (worn) {rF+++ Str+4 Dex-4 Stlth+}
   (You found it on level 6 of the Lair of Beasts)

   It affects your strength (+4).
   It affects your dexterity (-4).
   It renders you almost immune to fire.
   It makes you more stealthy.
Jewellery
 t - a +6 ring of dexterity (left hand)
 w - a ring of poison resistance (right hand)
 B - an amulet of regeneration (around neck)
 H - an uncursed ring of insulation
 I - an uncursed ring of protection from cold
Wands
 h - a wand of paralysis (5)
 M - a wand of disintegration (9)
 O - a wand of scattershot (1)
 T - a wand of iceblast (11)
 X - a wand of polymorph (24)
 Y - a wand of clouds (9)
Scrolls
 f - 2 scrolls of silence
 g - 3 scrolls of remove curse {@r2}
 j - 6 scrolls of magic mapping
 k - 4 scrolls of teleportation {@r3 !r}
 r - 6 scrolls of noise
 E - 2 scrolls of fog
 F - 4 scrolls of fear {!r}
 R - 3 scrolls of blinking {@r4}
 U - a scroll of summoning
 Z - 3 scrolls of vulnerability
Potions
 d - 2 potions of cancellation
 i - 2 potions of heal wounds {@q2 !q}
 p - 3 potions of agility {@q5 !q}
 q - 4 potions of haste {@q4 !q}
 D - 3 potions of mutation
 J - a potion of resistance
 K - a potion of berserk rage
 N - 5 potions of curing {@q1 !q}
 P - 3 potions of lignification {@q6}
 Q - 10 potions of flight
 S - 6 potions of magic
Miscellaneous
 n - a fan of gales (2/2)
 x - a lamp of fire
Comestibles
 e - 26 rations {!d}


   Skills:
 + Level 14.8 Fighting
 - Level 11.0 Short Blades
 * Level 9.0 Armour
 + Level 13.9 Dodging
 + Level 14.3 Stealth
 + Level 14.9 Shields
 - Level 13.3 Unarmed Combat
 - Level 1.0 Spellcasting
 - Level 1.0 Hexes
 + Level 13.6 Evocations


You had 20 spell levels left.
You knew the following spells:

 Your Spells              Type           Power        Failure   Level  Hunger
a - Confusing Touch       Hex            #.......     100%        1    None

Your spell library contained the following spells:

 Spells                   Type           Power        Failure   Level  Hunger
 Apportation              Tloc           #.....       100%        1    None
 Corona                   Hex            #......      100%        1    None
 Freeze                   Ice            #.....       100%        1    None
 Infusion                 Chrm           #.......     100%        1    None
 Sandblast                Erth           #.....       100%        1    None
 Slow                     Hex            #.......     100%        1    None
 Static Discharge         Air            #.....       100%        1    None
 Sting                    Conj/Pois      #...         100%        1    None
 Summon Butterflies       Summ           #.......     100%        1    None
 Passwall                 Tmut/Erth      #.......     100%        2    ###....
 Poisonous Vapours        Pois/Air       #.....       100%        2    ###....
 Sublimation of Blood     Necr           #.........   100%        2    ###....
 Throw Frost              Conj/Ice       #.....       100%        2    ###....
 Conjure Flame            Conj/Fire      #.......     100%        3    #####..
 Ignite Poison            Fire/Tmut/Pois #.......     100%        3    #####..
 Mephitic Cloud           Conj/Pois/Air  #.......     100%        3    #####..
 Ozocubu's Armour         Chrm/Ice       #.......     100%        3    #####..
 Stone Arrow              Conj/Erth      #.....       100%        3    #####..
 Ice Form                 Ice/Tmut       #.......     100%        4    ######.
 Lightning Bolt           Conj/Air       #.......     100%        4    ######.
 Olgreb's Toxic Radiance  Pois           #........    100%        4    ######.
 Petrify                  Tmut/Erth      #.........   100%        4    ######.
 Sticky Flame             Conj/Fire      #.......     100%        4    ######.
 Summon Ice Beast         Ice/Summ       #.......     100%        4    ######.
 Summon Scorpions         Summ/Pois      #.......     100%        4    ######.
 Throw Icicle             Conj/Ice       #.......     100%        4    ######.
 Tree Form                Hex/Tmut       N/A          100%        4    ######.
 Bolt of Draining         Conj/Necr      #.........   100%        5    #######
 Bolt of Magma            Conj/Fire/Erth #.........   100%        5    #######
 Freezing Cloud           Ice/Air        #.......     100%        5    #######
 Lee's Rapid Deconstruct  Erth           #.........   100%        5    #######
 Steam Barrier            Chrm/Fire      #.........   100%        5    #######
 Summon Lightning Spire   Summ/Air       #.......     100%        5    #######
 Venom Bolt               Conj/Pois      #.........   100%        5    #######
 Bolt of Cold             Conj/Ice       #.........   100%        6    #######
 Conjure Ball Lightning   Conj/Air       #.........   100%        6    #######
 Iron Shot                Conj/Erth      #.........   100%        6    #######
 Ozocubu's Refrigeration  Ice            #.........   100%        6    #######
 Poison Arrow             Conj/Pois      #.........   100%        6    #######
 Statue Form              Tmut/Erth      #........    100%        6    #######
 Virulence                Hex/Pois       #.......     100%        6    #######
 Dragon Form              Tmut           #......      100%        7    #######
 Icicle Burst             Conj/Ice       #.........   100%        7    #######
 Chain Lightning          Conj/Air       #.........   100%        8    #######
 Ignition                 Fire           #.........   100%        8    #######
 Necromutation            Tmut/Necr      #.......     100%        8    #######
 Tornado                  Tloc/Air       #.........   100%        8    #######
 Shatter                  Erth           #.........   100%        9    #######


Dungeon Overview and Level Annotations

Branches:
Dungeon (12/12)            Temple (0/1) D:4            Lair (6/6) D:9
 Shoals (3/3) Lair:2        Snake (3/3) Lair:3        Slime (0/5) Lair:6
    Orc (1/1) D:9             Elf (1/3) Orc          Vaults (3/3) D:11
  Crypt (0/2) Vaults:1     Depths (0/5) D:12

Altars:
Dithmenos
Kikubaaqudgha
Makhleb
Okawaru
Qazlal
Xom
Jiyva

Shops:
D:4 [   D:5 !   D:6 :   D:7 !   D:8 *   D:11 %   D:12 *::}!   Orc ?*[[[
Elf:1 *=   Snake:2 [

Annotations:
D:3 1 runed translucent door, Sigmund; tronn's ghost, weakling OpSu
D:5 3 runed translucent doors, Cris's ghost, novice GnSk; fifreuwaquouxo3460's ghost, novice TrAc; kosoiffoigrumme1174's ghost, novice TrAc
D:12 exclusion: fire giant
Snake:2 Vashnia
Vaults:1 3 runed translucent doors, tronn's ghost, journeyman HOSu
Vaults:2 1 runed translucent door, howech's ghost, veteran MiGl


Innate Abilities, Weirdness & Mutations

You have a pair of large horns on your head.
You are surrounded by a strong repulsion field. (EV +4, RMsl)
A demonic guardian rushes to your aid.
You are significantly more attuned to the shadows.


Message History

The golden dragon is heavily wounded.
You stick the golden dragon like a pincushion!!!
You headbutt the golden dragon!
The golden dragon is almost dead.
The golden dragon breathes cold at you.
The bolt of cold is repelled.
The war gargoyle hits your sixfirhy with a +0 morningstar!!!
Your sixfirhy dies!
The ogre mage gestures at you while chanting.
The bolt of lightning hits you!!
You block the golden dragon's attack. x3
The phantasmal warrior hits you but does no damage.
Your muscles tense, ready for explosive movement...
You spit the phantasmal warrior like a pig!!!
You destroy the phantasmal warrior!
The Council accepts your kill.
You block the freezing wraith's attack. x2
You spin and attack the freezing wraith repeatedly, with incredible momentum.
You skewer the freezing wraith like a kebab!!!
The freezing wraith is almost destroyed.
You stick the freezing wraith like a pincushion!!!
You destroy the freezing wraith!
The Council accepts your kill.
You spin and attack the ogre mage repeatedly, with incredible momentum.
You puncture the ogre mage!
The ogre mage's magic leaks into the air.
The ogre mage is moderately wounded.
You perforate the ogre mage like a sieve!!!
You blow up the ogre mage!
The Council accepts your kill.
You lunge with incredible momentum at the golden dragon, in a flurry of attacks.
You skewer the golden dragon like a kebab!!!!
You blow up the golden dragon!
The Council accepts your kill.
You feel drained.
Your supernatural speed expires.
Your life force feels restored.
Your Armour skill increases to level 9!
You spin and attack the freezing wraith.
You hit the freezing wraith but do no damage.
A war gargoyle comes into view. It is wielding a +0 lajatang.
You block the freezing wraith's attack. x2
A deep elf knight comes into view.
It is wielding a +2 scimitar of holy wrath.
You block the war gargoyle's attack.
A deep elf mage comes into view. It is wielding a +0 long sword.
You block the freezing wraith's attack. x2; The war gargoyle moves out of view.
A tentacled monstrosity comes into view.
Items here: ))) [[[[ †† You spin and attack the war gargoyle repeatedly.
You puncture the war gargoyle!
The war gargoyle is lightly damaged.
You spit the war gargoyle like a pig!!!
The war gargoyle is almost destroyed.
You spin and attack the freezing wraith repeatedly.
You skewer the freezing wraith like a kebab!!!
The freezing wraith is severely damaged.
You spit the freezing wraith like a pig!!!
You destroy the freezing wraith!
The Council accepts your kill.
You spin and attack the deep elf knight repeatedly.
You perforate the deep elf knight like a sieve!!!
You kill the deep elf knight!
The Council accepts your kill.
A storm dragon, a dancing weapon, a sphinx and 2 deep elf magi come into view.
There is a +3 glaive of protection.
The war gargoyle hits you with a +0 morningstar!
The deep elf mage casts a spell.
You block the war gargoyle's attack.
The +3 glaive of protection moves out of view.
The sphinx moves out of view.
There is a stone staircase leading up, spattered with blood here.
Things that are here:
a +0 bardiche; a +0 chain mail; a human corpse No path to travel!
No path to travel!
Casting: Confusing Touch (safe; 100% risk of failure)
Confirm with . or Enter, or press ? or * to list all spells.
You don't know that spell.
Really read
k - 5 scrolls of teleportation {@r3 !r}?
As you read the scroll of teleportation {@r3 !r}, it crumbles to dust.
You feel strangely unstable.
You block the tentacled monstrosity's attack. x2
The tentacled monstrosity tentacle-slaps you but does no damage.
You block the tentacled monstrosity's attack.
The war gargoyle hits you with a +0 morningstar!!
The war gargoyle hits you with a +0 lajatang.
The deep elf mage mumbles some strange words.
A deep elf archer comes into view. It is wielding a +0 short sword.
The tentacled monstrosity tentacle-slaps you but does no damage. x3
You block the tentacled monstrosity's attack.
You block the war gargoyle's attack.
The war gargoyle hits you with a +0 lajatang!!
* * * LOW HITPOINT WARNING * * *
You block the hellwing's attack.
The hellwing hits you but does no damage.
The tentacled monstrosity tentacle-slaps you but does no damage.
The tentacled monstrosity barely misses you.
The tentacled monstrosity tentacle-slaps you but does no damage.
The tentacled monstrosity barely misses you.
The war gargoyle hits you but does no damage.
The war gargoyle hits you with a +0 lajatang!!!
You die...

#....######)#####.
.#....#○§§☼§#§☼...
.#....§#([)○§#☼§...
.#.%...☼#.)○☼☼#.....
#....[☼☼.))§§§#....?
......§°○.##########
..(H.☼E☼§§○○...
...$.He4e☼§☼...
....<(e@§§○○?..
$...)§99X§§○..=
##...§eD§§#####
...D........
...#....#.##..
...#....#.# ) #%...
..


You could see a tentacled monstrosity, a storm dragon, a sphinx, 2 war
gargoyles, a deep elf archer, an earth elemental, a hellwing, 3 deep elf magi
and a +3 glaive of protection.

Vanquished Creatures
  A golden dragon (Vaults:3)
  Nikola (Shoals:2)
  Frances (Snake:2)
  Jorgrun (Snake:2)
  A lich (Vaults:3)
  An ancient champion (Vaults:1)
  3 shadow dragons (Vaults:3)
  3 sphinxes
  A storm dragon (Vaults:3)
  3 tengu reavers
  A fire giant (Vaults:3)
  Donald (Snake:3)
  11 nagarajas
  A deep elf sorcerer (Elf:1)
  2 war gargoyles (Vaults:2)
  5 vault wardens
  4 frost giants
  Aizul (Shoals:3)
  Louise (Shoals:1)
  An eye of devastation (shapeshifter) (Vaults:3)
  6 stone giants
  6 ironheart preservers
  A very ugly thing (Vaults:2)
  2 minotaurs (Shoals:3)
  4 dire elephants (Vaults:2)
  A merfolk javelineer (Shoals:2)
  2 crystal guardians
  2 ettins
  An eidolon (Vaults:1)
  4 merfolk impalers
  A fire dragon (Vaults:1)
  5 rakshasas
  8 yaktaur captains
  2 anacondas (Snake:1)
  4 hydras
  An ice dragon (Vaults:1)
  27 vault guards
  20 naga warriors
  8 two-headed ogres
  5 ogre magi
  2 alligator snapping turtles
  3 great orbs of eyes
  A merfolk aquamancer (Shoals:2)
  10 dancing weapons
  2 deep troll shamans (Vaults:2)
  2 merfolk avatars
  2 ironheart beastmasters (Vaults:2)
  14 satyrs
  2 death knights (Vaults:1)
  5 death yaks (Lair:3)
  18 naga sharpshooters
  5 sea snakes
  8 deep trolls
  6 shock serpents
  A skeletal warrior (Vaults:1)
  10 centaur warriors
  4 deep elf knights
  A salamander mystic (Snake:2)
  An unseen horror (D:12)
  5 cyclopes
  5 naga ritualists
  3 glowing orange brains (Vaults:2)
  16 harpies
  3 wolf spider zombies
  A flayed ghost (Vaults:1)
  6 wizards
  2 necromancers (D:11)
  A deep elf archer (Elf:1)
  5 mana vipers
  5 phantasmal warriors
  14 deep elf magi
  3 ironheart convokers
  An orb spider (shapeshifter) (Vaults:1)
  3 orc knights (Orc)
  22 fauns
  5 salamanders
  3 orc sorcerers (Orc)
  17 ugly things
  9 manticores
  9 elephants
  9 merfolk sirens
  A moth of wrath (shapeshifter) (Vaults:3)
  8 guardian serpents
  13 naga magi
  28 black mambas
  5 water nymphs
  9 vault sentinels
  18 cane toads
  A kobold demonologist (D:12)
  11 komodo dragons
  4 freezing wraiths
  21 yaktaurs
  An eye of draining (D:11)
  5 harpy zombies (Shoals:2)
  4 trolls
  5 tyrant leeches (Lair:6)
  19 merfolk
  A polar bear (Lair:6)
  5 wind drakes
  33 blink frogs
  2 harpy skeletons
  6 dream sheep (Lair:5)
  5 hippogriffs
  23 slime creatures
  A hornet (D:8)
  6 snapping turtles
  2 air elementals (Elf:1)
  3 wraiths (Vaults:1)
  A vampire (D:10)
  12 water elementals
  A fire bat (shapeshifter) (D:12)
  A wyvern (D:10)
  57 yaks
  A basilisk (Lair:5)
  19 humans (D:11)
  A steam dragon (D:11)
  12 vampire mosquitoes
  Menkaure (D:6)
  A hungry ghost (D:9)
  3 wargs (Orc)
  5 crocodiles
  61 nagas
  3 hell hounds (D:12)
  6 water moccasins
  3 acid dragons
  A two-headed ogre zombie (D:9)
  3 soldier ants (D:9)
  4 porcupines
  35 orc warriors
  3 phantoms
  4 sky beasts
  2 black bears
  15 ogres
  3 ice beasts (D:9)
  16 wolves
  A boggart (Vaults:1)
  2 necrophages
  7 kobold brigands
  An earth elemental (Elf:1)
  28 bullfrogs
  A wyvern zombie (D:9)
  19 centaurs
  4 scorpions
  A water moccasin skeleton (D:10)
  4 killer bees (D:11)
  3 wights (D:11)
  3 howler monkeys (D:7)
  11 orc priests
  4 crimson imps
  A bullfrog zombie (D:8)
  2 quasits
  5 hounds
  A jelly (D:8)
  3 bullfrog skeletons
  11 orc wizards
  Crazy Yiuf (D:7)
  3 iguanas
  Natasha (thrice) (D:4)
  10 worker ants
  5 ogre zombies (D:9)
  A hound zombie (D:7)
  A hound skeleton (D:5)
  2 worker ant zombies
  Robin (D:3)
  A howler monkey skeleton (D:5)
  2 howler monkey zombies
  13 adders
  3 gnolls
  A shadow imp (D:11)
  An ooze (D:6)
  3 worms (D:9)
  A dart slug (D:2)
  6 leopard geckos
  62 orcs
  A ball python (D:5)
  4 bats
  3 giant cockroaches
  8 hobgoblins
  11 jackals
  5 quokkas
  4 frilled lizards
  11 goblins
  A goblin skeleton (D:9)
  3 goblin zombies (D:9)
  A hobgoblin skeleton (D:9)
  3 hobgoblin zombies (D:9)
  2 jackal skeletons
  A jackal zombie (D:6)
  32 kobolds
  An orc skeleton (D:9)
  12 orc zombies (D:9)
  2 rats
  A butterfly (Lair:1)
  A plant (Lair:6)
1251 creatures vanquished.

Vanquished Creatures (collateral kills)
  A sphinx (Shoals:3)
  2 nagarajas (Snake:3)
  Roxanne (Snake:3)
  A vault warden (Vaults:2)
  A stone giant (Vaults:2)
  A very ugly thing (Vaults:2)
  4 dire elephants (Vaults:2)
  2 yaktaur captains
  2 naga warriors (Snake:3)
  A merfolk aquamancer (Shoals:2)
  2 two-headed ogres (Vaults:2)
  4 satyrs
  A sea snake (Shoals:1)
  2 dancing weapons (Elf:1)
  A death yak (Lair:3)
  An ironheart beastmaster (Vaults:2)
  2 naga sharpshooters (Snake:3)
  2 centaur warriors (Vaults:1)
  A deep elf archer (Elf:1)
  A phantasmal warrior (Vaults:1)
  3 deep elf magi (Elf:1)
  2 ironheart convokers
  A faun (Shoals:2)
  An ugly thing (Vaults:2)
  A manticore (Shoals:3)
  A water nymph (Shoals:2)
  A cane toad (Lair:6)
  A freezing wraith (Vaults:1)
  2 merfolk (Shoals:2)
  2 blink frogs
  Grinder (D:3)
  2 slime creatures (Vaults:2)
  A hippogriff (D:9)
  2 wraiths (Vaults:1)
  A water elemental (Shoals:2)
  A basilisk (D:11)
  A yak (Lair:3)
  A human (D:11)
  A naga (Snake:3)
  A crocodile (D:11)
  An orc warrior (D:3)
  2 ice beasts
  A necrophage (D:6)
  Blork the orc (D:4)
  A wyvern skeleton (D:9)
  A wight (D:11)
  A howler monkey (D:7)
  An orc wizard (D:6)
  2 ogre zombies (D:9)
  An adder (D:11)
  3 orcs
  A ball python (D:3)
  A hobgoblin (D:3)
  2 goblin zombies (D:9)
  A kobold (D:9)
  2 orc zombies (D:9)
82 creatures vanquished.

Vanquished Creatures (others)
  A mana viper (Snake:2)
  A faun (Shoals:3)
  A human (D:11)
  A naga (Snake:1)
  A kobold brigand (D:12)
  A fungus (Lair:6)
  45 plants
  A withered plant (D:5)
52 creatures vanquished.

Grand Total: 1385 creatures vanquished

Notes
Turn   | Place    | Note
-------+----------+-------------------------------------------
     0 | D:1      | MisterOstroum the Demonspawn Martial Artist began the quest
                  | for the Orb.
     0 | D:1      | Reached XP level 1. HP: 18/18 MP: 2/2
   192 | D:1      | Gained mutation: You are surrounded by a mild repulsion
                  | field. (EV +2) [demonic ancestry]
   192 | D:1      | Reached XP level 2. HP: 23/24 MP: 3/3
   581 | D:1      | Reached ** piety under Wu Jian
   952 | D:2      | Gained mutation: A weak demonic guardian rushes to your
                  | aid. [demonic ancestry]
   952 | D:2      | Reached XP level 3. HP: 22/29 MP: 4/4
  1331 | D:2      | Found a burning altar of Makhleb.
  1347 | D:2      | Reached XP level 4. HP: 24/35 MP: 5/5
  1630 | D:3      | Noticed Grinder
  1687 | D:3      | Noticed tronn's ghost (weakling OpSu)
  1747 | D:3      | Found a runed translucent door.
  2173 | D:3      | Noticed Robin
  2199 | D:3      | Killed Robin
  2264 | D:3      | Noticed a bullfrog
  2274 | D:3      | Killed a bullfrog
  2275 | D:3      | Reached XP level 5. HP: 39/43 MP: 6/6
  2523 | D:3      | Noticed an orc warrior
  2533 | D:3      | Reached *** piety under Wu Jian
  2582 | D:3      | Killed an orc warrior
  2583 | D:3      | Reached skill level 5 in Fighting
  2583 | D:3      | Gained mutation: You are surrounded by a moderate repulsion
                  | field. (EV +3) [demonic ancestry]
  2583 | D:3      | Reached XP level 6. HP: 51/51 MP: 7/7
  2618 | D:3      | Noticed Sigmund
  2626 | D:3      | Killed Grinder
  2750 | D:3      | Reached XP level 7. HP: 57/57 MP: 8/8
  2998 | D:4      | Found a stormy altar of Qazlal.
  3093 | D:4      | Found a staircase to the Ecumenical Temple.
  3254 | D:4      | Found Faw Kica's Armour Shoppe.
  3424 | D:4      | Reached skill level 5 in Dodging
  3464 | D:4      | Noticed Blork the orc
  3476 | D:4      | Killed Blork the orc
  3538 | D:4      | Noticed Natasha
  3541 | D:4      | Killed Natasha
  3781 | D:4      | Found a stormy altar of Qazlal.
  3885 | D:4      | Found Faw Kica's Armour Shoppe.
  3916 | D:4      | Noticed Natasha
  3926 | D:4      | Killed Natasha
  4084 | D:4      | Found a staircase to the Ecumenical Temple.
  4270 | D:4      | Found Faw Kica's Armour Shoppe.
  4340 | D:4      | Found a stormy altar of Qazlal.
  4407 | D:4      | Noticed Natasha
  4411 | D:4      | Killed Natasha
  4419 | D:5      | Entered Level 5 of the Dungeon
  4443 | D:5      | Gained mutation: You are surrounded by a strong repulsion
                  | field. (EV +4, RMsl) [demonic ancestry]
  4443 | D:5      | Reached XP level 8. HP: 67/67 MP: 9/9
  4760 | D:5      | Found Acsoby's Distillery.
  4779 | D:5      | Bought a potion of curing for 35 gold pieces
  4779 | D:5      | Bought a potion of ambrosia for 56 gold pieces
  4779 | D:5      | Bought a potion of lignification for 42 gold pieces
  4779 | D:5      | Bought a potion of heal wounds for 70 gold pieces
  4779 | D:5      | Bought a potion of agility for 56 gold pieces
  5083 | D:5      | Found a runed translucent gate.
  5083 | D:5      | Found a runed translucent gate.
  5083 | D:5      | Found a runed translucent gate.
  5094 | D:5      | Noticed kosoiffoigrumme1174's ghost (novice TrAc)
  5094 | D:5      | Noticed fifreuwaquouxo3460's ghost (novice TrAc)
  5095 | D:5      | Noticed Cris's ghost (novice GnSk)
  5186 | D:6      | Reached **** piety under Wu Jian
  5409 | D:6      | Found a shadowy altar of Dithmenos.
  5441 | D:6      | Reached skill level 1 in Short Blades
  5441 | D:6      | Reached skill level 5 in Unarmed Combat
  5617 | D:7      | Found Ynisuqech's Distillery.
  5627 | D:7      | Bought a potion of haste for 140 gold pieces
  5661 | D:7      | Got a slimy falchion
  5856 | D:7      | Reached skill level 5 in Stealth
  5919 | D:7      | Found an ancient bone altar of Kikubaaqudgha.
  6020 | D:7      | Reached XP level 9. HP: 73/73 MP: 10/10
  6192 | D:7      | Found a runed door.
  6196 | D:7      | Noticed Crazy Yiuf
  6198 | D:7      | Killed Crazy Yiuf
  6231 | D:6      | Found Uvidemya's Book Emporium.
  6397 | D:6      | Noticed Menkaure
  6705 | D:6      | Killed Menkaure
  7192 | D:8      | Noticed a two-headed ogre
  7215 | D:8      | Reached skill level 5 in Short Blades
  7349 | D:8      | Found Rouroutie's Assorted Antiques.
  7356 | D:8      | Bought a scroll labeled WIEZUF HANI for 17 gold pieces
  7356 | D:8      | Bought a brass ring for 85 gold pieces
  7356 | D:8      | Bought a short ivory wand for 68 gold pieces
  7356 | D:8      | Bought a runed glass wand for 68 gold pieces
  7356 | D:8      | Bought a scroll labeled OJELUH COEJ for 17 gold pieces
  7415 | D:8      | Reached XP level 10. HP: 75/83 MP: 11/11
  7607 | D:8      | Reached ***** piety under Wu Jian
  7630 | D:8      | Killed a two-headed ogre
  7630 | D:8      | Reached skill level 1 in Evocations
  7697 | D:8      | Reached skill level 10 in Fighting
  8296 | D:9      | Found a shimmering altar of Xom.
  8444 | D:9      | Found an iron altar of Okawaru.
  8544 | D:9      | Found a staircase to the Orcish Mines.
  8584 | D:9      | Reached XP level 11. HP: 90/90 MP: 13/13
  9100 | D:9      | Found a staircase to the Lair.
  9548 | D:10     | Entered Level 10 of the Dungeon
  9688 | D:10     | Noticed a two-headed ogre
  9843 | D:10     | Killed a two-headed ogre
 10326 | D:10     | Reached skill level 5 in Evocations
 10477 | D:11     | Noticed a white ugly thing
 10541 | D:11     | Found Vicsiv's Food Boutique.
 10580 | D:11     | Noticed a centaur warrior
 10596 | D:11     | Killed a centaur warrior
 10601 | D:11     | Reached ****** piety under Wu Jian
 10804 | D:11     | Gained mutation: You have a pair of small horns on your
                  | head. [demonic ancestry]
 10804 | D:11     | Reached XP level 12. HP: 97/97 MP: 16/16
 10871 | D:11     | Reached skill level 10 in Short Blades
 10881 | D:11     | Noticed a vault guard
 10895 | D:11     | Killed a vault guard
 10896 | D:11     | Paralysed by a wizard for 2 turns
 11007 | D:11     | Found a gate to the Vaults.
 11587 | D:12     | Entered Level 12 of the Dungeon
 11587 | D:12     | Found Juoluwk's Book Emporium.
 11735 | D:12     | Found Hoili's Book Boutique.
 11826 | D:12     | Found Carefuc's Gadget Boutique.
 11834 | D:12     | Bought a wand of disintegration (9) for 86 gold pieces
 11861 | D:12     | Found Plog's Distillery.
 11870 | D:12     | Bought a potion of might for 56 gold pieces
 11944 | D:12     | Found a staircase to the Depths.
 11944 | D:12     | Noticed a fire giant
 12037 | D:12     | Found Xunari's Assorted Antiques.
 12043 | D:12     | Bought a scroll of blinking for 202 gold pieces
 12446 | Lair:1   | Entered Level 1 of the Lair of Beasts
 12683 | Lair:1   | Reached skill level 1 in Shields
 12813 | Lair:1   | Noticed a six-headed hydra
 12827 | Lair:1   | Killed a six-headed hydra
 13060 | Lair:1   | Gained mutation: You are slightly more attuned to the
                  | shadows. [demonic ancestry]
 13060 | Lair:1   | Reached XP level 13. HP: 103/103 MP: 19/19
 14085 | Lair:2   | Found a staircase to the Shoals.
 14106 | Lair:2   | Reached skill level 5 in Shields
 14691 | Lair:3   | Found a staircase to the Snake Pit.
 15024 | Lair:3   | Reached skill level 10 in Stealth
 15593 | Lair:4   | Got a twisted robe
 15869 | Lair:4   | Reached XP level 14. HP: 87/110 MP: 20/20
 15879 | Lair:4   | Identified the +2 robe of the Dragon {rElec} (You found it
                  | on level 4 of the Lair of Beasts)
 16364 | Lair:5   | Reached skill level 10 in Unarmed Combat
 17233 | Lair:6   | Entered Level 6 of the Lair of Beasts
 17932 | Lair:6   | Found a viscous altar of Jiyva.
 17933 | Lair:6   | Found a staircase to the Slime Pits.
 18364 | Lair:6   | Identified the +0 pair of boots "Hitouz Cue" {rF+++ Str+4
                  | Dex-4 Stlth+, pickup} (You found it on level 6 of the Lair
                  | of Beasts)
 18769 | Snake:1  | Entered Level 1 of the Snake Pit
 18873 | Snake:1  | Noticed a nagaraja
 18874 | Snake:1  | Noticed a nagaraja
 19252 | Snake:1  | Reached skill level 10 in Evocations
 19279 | Snake:1  | Reached XP level 15. HP: 113/118 MP: 22/22
 19766 | Snake:1  | Killed a nagaraja
 20395 | Snake:1  | Killed a nagaraja
 20570 | Snake:2  | Noticed Frances
 20586 | Snake:2  | Killed Frances
 20702 | Snake:2  | Noticed Vashnia
 20746 | Snake:2  | Noticed Jorgrun
 20900 | Snake:2  | Found Vacvipuh's Armour Boutique.
 20940 | Snake:2  | Reached skill level 10 in Dodging
 20978 | Snake:2  | Bought the +2 pair of gloves "Quufaix" {Str+3 Int+3 SInv}
                  | for 497 gold pieces
 21060 | Snake:2  | Reached skill level 10 in Shields
 21278 | Snake:2  | Identified the +3 spear of Tumult {pain, rPois Int+4,
                  | pickup} (You found it on level 2 of the Snake Pit)
 21402 | Snake:2  | Killed Jorgrun
 21758 | Shoals:1 | Entered Level 1 of the Shoals
 21844 | Shoals:1 | Noticed Louise
 21849 | Shoals:1 | Killed Louise
 22669 | Shoals:1 | Gained mutation: A demonic guardian rushes to your aid.
                  | [demonic ancestry]
 22669 | Shoals:1 | Reached XP level 16. HP: 127/127 MP: 23/23
 22984 | Shoals:2 | Noticed Nikola
 23026 | Shoals:2 | Killed Nikola
 23368 | Shoals:2 | HP: 2/127 [water nymph/the raging water (28)]
 23542 | Orc      | Entered the Orcish Mines
 23542 | Orc      | Found Vikabaqe's Antique Armour Shoppe.
 23559 | Orc      | Found a staircase to the Elven Halls.
 23659 | Orc      | Bought a glowing scarf for 240 gold pieces
 23680 | Orc      | Found a roughly hewn altar of Beogh.
 24158 | Orc      | Found Rirah's General Store.
 24158 | Orc      | Found Errilel's Armour Boutique.
 24159 | Orc      | Found Vufaem's Antique Armour Shop.
 24161 | Orc      | Found Qeriem's Magic Scroll Emporium.
 24165 | Orc      | Bought a scroll of blinking for 97 gold pieces
 24166 | Orc      | Bought the +10 large shield of Ignorance {rN+ Int-4} for
                  | 1031 gold pieces
 24166 | Orc      | Found the +10 large shield of Ignorance {rN+ Int-4}
 24580 | Elf:1    | Entered Level 1 of the Elven Halls
 25002 | Elf:1    | Found Vuhiogin's Jewellery Shoppe.
 25421 | Elf:1    | Found Afodiwa's Assorted Antiques.
 25453 | Elf:1    | Bought a scroll labeled HOULLECURR for 34 gold pieces
 26524 | Vaults:1 | Entered Level 1 of the Vaults
 27033 | Vaults:1 | Identified the cursed ring of Awe {Int+2 Stlth--}
 27036 | Vaults:1 | Paralysed by a sphinx for 3 turns
 27037 | Vaults:1 | Noticed a sphinx
 27101 | Vaults:1 | Gained mutation: You are significantly more attuned to the
                  | shadows. [demonic ancestry]
 27101 | Vaults:1 | Reached XP level 17. HP: 72/135 MP: 18/25
 27897 | Vaults:1 | Found a staircase to the Crypt.
 28056 | Vaults:1 | Found a runed translucent gate.
 28057 | Vaults:1 | Found a runed translucent gate.
 28057 | Vaults:1 | Found a runed translucent gate.
 28061 | Vaults:1 | Noticed tronn's ghost (journeyman HOSu)
 28320 | Vaults:2 | Found a flickering gateway to a bazaar.
 28334 | Bazaar   | Entered a bazaar
 28400 | Bazaar   | Found Xexzoy's Armour Boutique.
 28415 | Bazaar   | Found Sain's Antique Armour Emporium.
 28434 | Bazaar   | Found Saeptom's Antique Armour Shoppe.
 28443 | Bazaar   | Found Iqewkiy's Assorted Antiques.
 28450 | Bazaar   | Bought a sharpened fluorescent wand for 72 gold pieces
 28450 | Bazaar   | Bought a scroll labeled UKHLEH DAOL for 18 gold pieces
 28450 | Bazaar   | Identified the +9 short sword of Paowkab {venom, rN+ Str+3
                  | Int+6} (You acquired it in a bazaar)
 28450 | Bazaar   | Identified the +1 hat "Alererph" {rPois rF+ Str+8} (You
                  | acquired it in a bazaar)
 28450 | Bazaar   | Identified the ring "Norat" {MP+9 Str-3 Int+6 Stlth++} (You
                  | acquired it in a bazaar)
 28488 | Bazaar   | Bought a pair of crude gloves for 228 gold pieces
 28488 | Bazaar   | Identified the +2 pair of gloves "Uzxaon" {rC+ Regen+ Dex+7
                  | Stlth-} (You bought it in a shop in a bazaar)
 28750 | Vaults:2 | Reached XP level 18. HP: 128/143 MP: 20/26
 29556 | Vaults:2 | Found a runed translucent door.
 29557 | Vaults:2 | Noticed howech's ghost (veteran MiGl)
 29558 | Vaults:2 | Found a shimmering altar of Xom.
 30633 | Snake:3  | Entered Level 3 of the Snake Pit
 30918 | Orc      | Bought a scroll of acquirement for 728 gold pieces
 30918 | Orc      | Identified the scarf of Xom's Esteem {repulsion, Regen+}
                  | (You acquired it in the Orcish Mines)
 30922 | Orc      | Bought a scroll of teleportation for 42 gold pieces
 31732 | Snake:3  | Reached skill level 1 in Armour
 31788 | Snake:3  | Noticed Roxanne
 31792 | Snake:3  | Identified the cursed -1 large shield of Ojayhe {rElec}
 31851 | Snake:3  | Killed Roxanne
 32017 | Snake:3  | Noticed Donald
 32086 | Snake:3  | Killed Donald
 32252 | Snake:3  | Gained mutation: You have a pair of horns on your head.
                  | [demonic ancestry]
 32252 | Snake:3  | Reached XP level 19. HP: 147/150 MP: 14/28
 32364 | Snake:3  | Got a serpentine rune of Zot
 32592 | Snake:3  | Reached skill level 5 in Armour
 33043 | D:7      | Bought a potion of heal wounds for 70 gold pieces
 33668 | Shoals:3 | Entered Level 3 of the Shoals
 34201 | Shoals:3 | Gained mutation: You have a pair of large horns on your
                  | head. [demonic ancestry]
 34201 | Shoals:3 | Reached XP level 20. HP: 151/159 MP: 14/29
 34201 | Shoals:3 | Identified the +0 whip of Cataclysm {flame, rPois Dex+3
                  | Stlth+}
 34343 | Shoals:3 | Noticed Aizul
 34367 | Shoals:3 | Killed Aizul
 34702 | Shoals:3 | Got a barnacled rune of Zot
 34703 | Shoals:3 | Identified the +6 rapier "Soloisikk" {drain, rN++ MR+}
 35018 | Vaults:3 | Entered Level 3 of the Vaults
 35088 | Vaults:3 | Noticed a golden dragon
 35094 | Vaults:3 | Killed a golden dragon
 35097 | Vaults:3 | Mangled by a war gargoyle

Skill      XL: |  1  2  3  4  5  6  7  8  9 10 11 12 13 14 15 16 17 18 19 20 |
---------------+-------------------------------------------------------------+-----
Stealth        | 2 3 4 5 7 8 10 11 12 13 14 | 14.3
Dodging        | 3 4 5 6 7 8 10 11 12 13 | 13.9
Fighting       | 4 5 7 9 10 11 12 13 14 | 14.8
Unarmed Combat | 4 5 7 9 10 11 12 13 | 13.3
Short Blades   | 3 5 7 9 10 11 | 11.0
Evocations     | 3 5 8 10 11 12 13 | 13.6
Shields        | 2 7 8 10 12 13 14 | 14.9
Armour         | 2 6 9 |  9.0
Spellcasting   | |  1.0
Hexes          | |  1.0

Action                   |  1- 3 |  4- 6 |  7- 9 | 10-12 | 13-15 | 16-18 | 19-21 || total
-------------------------+-------+-------+-------+-------+-------+-------+-------++-------
Melee: Unarmed           |   113 |   131 |   249 |       |    39 |   768 |       ||  1300
       Punch             |     1 |     4 |    13 |    36 |       |       |       ||    54
       Dagger            |       |       |   183 |   893 |  1557 |   782 |       ||  3415
       Headbutt          |       |       |       |    59 |   427 |   612 |   332 ||  1430
       Fustibalus        |       |       |       |       |       |    10 |       ||    10
       Quick blade       |       |       |       |       |       |   354 |   994 ||  1348
 Fire: Fustibalus        |       |       |       |    40 |    23 |     4 |    39 ||   106
Throw: Stone             |     3 |    38 |    44 |    11 |    12 |       |       ||   108
       Tomahawk          |       |       |       |    22 |    15 |    15 |    14 ||    66
 Cast: Confusing Touch   |       |     2 |       |       |       |       |       ||     2
Invok: Lunge             |    14 |     8 |    44 |    75 |   133 |   144 |    68 ||   486
       Whirlwind         |    16 |     8 |   105 |   173 |   415 |   836 |   294 ||  1847
       Heavenly Storm    |       |       |       |       |     2 |    17 |     4 ||    23
 Abil: Wall Jump         |     1 |     3 |     3 |     2 |    13 |     5 |     2 ||    29
       Serpent's Lash    |       |       |     7 |     6 |    11 |    30 |     8 ||    62
Evoke: Wand              |       |       |       |       |     1 |     3 |       ||     4
  Use: Scroll            |       |     4 |    12 |    15 |     7 |    21 |     6 ||    65
       Potion            |       |       |       |       |     3 |    12 |     3 ||    18
 Stab: Sleeping          |     8 |     3 |    16 |    21 |    46 |    24 |     1 ||   119
       Distracted        |       |     1 |     9 |     6 |    16 |    16 |     2 ||    50
       Fleeing           |       |       |       |       |       |       |     2 ||     2
  Eat: Chunk             |     4 |     8 |    26 |    29 |    55 |    49 |    17 ||   188
       Ration            |       |       |       |     3 |     3 |     9 |     5 ||    20
Armor: Robe              |    12 |     6 |    30 |    10 |       |       |       ||    58
       Troll leather arm |       |       |       |    78 |   119 |    40 |       ||   237
       Scale mail        |       |       |       |       |       |    13 |       ||    13
       Plate armour      |       |       |       |       |       |    16 |    54 ||    70
Dodge: Dodged            |    71 |    76 |   258 |   432 |   557 |   445 |   121 ||  1960
       Deflected         |       |       |     1 |    14 |    18 |    28 |    29 ||    90
Block: Medium shield     |       |       |       |     4 |   440 |   153 |       ||   597
       Large shield      |       |       |       |       |       |  1010 |   620 ||  1630
